 Dungeon Crawl Stone Soup version 0.24.0-29-g8ce449bc06 (webtiles) character file.

Game seed: 12347199897011839168, levelgen mode: deterministic

125749 Flugslaktarn the Severer (level 16, 0/149 HPs)
             Began as a Minotaur Fighter on Nov 13, 2019.
             Was an Initiate of Gozag.
             Slain by a nagaraja
             ... wielding a +0 club
              (2 damage)
             ... on level 4 of the Snake Pit.
             The game lasted 00:20:15 (24879 turns).

Flugslaktarn the Severer (Minotaur Fighter)        Turns: 24879, Time: 00:20:16

Health: 0/149      AC: 32    Str: 39 (40) XL:     16   Next: 42%
Magic:  13/13      EV:  8    Int:  8      God:    Gozag
Gold:   1245       SH:  0    Dex:  6      Spells: 15/15 levels left

rFire    + . .     SeeInvis .   A - +8 frozen axe "Frostbite" {freezing cloud, *Noise +Fly rC+}
rCold    + + +     Gourm    +   (shield currently unavailable)
rNeg     + . .     Faith    .   y - +0 crystal plate armour
rPois    +         Spirit   .   Y - -2 hat of the Alchemist {rElec rPois rF+ rC+ rN+ MR+ rMut rCorr}
rElec    +         Reflect  .   I - +0 cloak
rCorr    +         Harm     .   B - +0 pair of gloves
rMut     +                      V - +1 pair of boots
MR       ++...                  O - amulet "Barphukh" {Gourm rC++ Str+3}
Stlth    ..........             x - ring "Tueng" {rElec rC- AC+5 Slay+2}
HPRegen  0.34/turn              K - ring of Nifi {Wiz MP-9 Str+9 Int+3 Dex-4}
MPRegen  0.13/turn

@: lethally poisoned (0 -> -17), gold aura, constricted
A: retaliatory headbutt, fangs 1, horns 2, deterioration 1, wild magic 1, sturdy
frame 1
a: Potion Petition, Call Merchant, Bribe Branch, Renounce Religion, Evoke Flight


You were on level 4 of the Snake Pit.
You worshipped Gozag.
Gozag was most pleased with you.
You were near starving.

You visited 4 branches of the dungeon, and saw 24 of its levels.
You visited the Abyss 1 time.
You also visited: Bailey and Gauntlet.

You collected 7439 gold pieces.
You spent 3735 gold pieces at shops.
You paid 2459 gold pieces to Gozag.

Inventory:

Hand Weapons
 A - the +8 frozen axe "Frostbite" (weapon) {freezing cloud, *Noise +Fly rC+}
   (You bought it in a shop on level 2 of the Orcish Mines)

   It has been specially enchanted to freeze those struck by it, causing extra
   injury to most foes and up to half again as much damage against particularly
   susceptible opponents.
   It can also slow down cold-blooded creatures.
   It protects you from cold.
   It lets you fly.
   It may make noises in combat.
 M - a +3 broad axe
   (You took it off an orc knight on level 2 of the Orcish Mines)
Missiles
 H - 9 throwing nets (quivered)
Armour
 c - a +0 shield
 y - a +0 crystal plate armour (worn)
   (You took it off a gnoll sergeant in a bailey)
 B - a +0 pair of gloves (worn)
   (You found it on level 3 of the Lair of Beasts)
 I - a +0 cloak (worn)
   (You found it on level 10 of the Dungeon)
 V - a +1 pair of boots (worn)
   (You found it on level 5 of the Lair of Beasts)
 Y - the -2 hat of the Alchemist (worn) {rElec rPois rF+ rC+ rN+ MR+ rMut rCorr}
   (You bought it in a shop on level 2 of the Orcish Mines)

   It protects you from fire.
   It protects you from cold.
   It insulates you from electricity.
   It protects you from poison.
   It protects you from negative energy.
   It affects your resistance to hostile enchantments.
   It provides partial protection from all sources of acid and corrosion.
   It protects you from mutation.
Jewellery
 i - an uncursed ring of see invisible
   (You found it on level 7 of the Dungeon)
 m - an uncursed ring of protection from magic
   (You bought it in a shop on level 10 of the Dungeon)
 o - an uncursed ring of poison resistance
   (You bought it in a shop on level 10 of the Dungeon)
 p - a +3 ring of evasion
   (You bought it in a shop on level 10 of the Dungeon)
 x - the ring "Tueng" (left hand) {rElec rC- AC+5 Slay+2}
   (You found it in a Gauntlet)

   [ring of protection]

   It affects your AC (+5).
   It affects your accuracy and damage with ranged weapons and melee attacks
   (+2).
   It makes you vulnerable to cold.
   It insulates you from electricity.
 K - the ring of Nifi (right hand) {Wiz MP-9 Str+9 Int+3 Dex-4}
   (You found it on level 10 of the Dungeon)

   [ring of wizardry]

   It improves your spell success rate.
   It affects your strength (+9).
   It affects your intelligence (+3).
   It affects your dexterity (-4).
   It affects your magic capacity (-9).
 O - the amulet "Barphukh" (around neck) {Gourm rC++ Str+3}
   (You found it on level 1 of the Lair of Beasts)

   [amulet of the gourmand]

   It allows you to eat raw meat even when not hungry.
   It affects your strength (+3).
   It greatly protects you from cold.
 P - a +3 ring of evasion
   (You found it on level 1 of the Dungeon)
 U - an uncursed amulet of the acrobat {unknown}
   (You found it on level 3 of the Lair of Beasts)
 W - an uncursed ring of protection from magic
   (You found it on level 11 of the Dungeon)
Wands
 b - a wand of iceblast (34)
   (You found it on level 6 of the Dungeon)
 v - a wand of digging (5)
   (You found it on level 2 of the Lair of Beasts)
 G - a wand of paralysis (23)
   (You found it in a Gauntlet)
 N - a wand of acid (21)
   (You found it on level 5 of the Dungeon)
 S - a wand of enslavement (18)
   (You found it on level 3 of the Lair of Beasts)
Scrolls
 g - 2 scrolls of immolation
 l - 10 scrolls of remove curse
 r - 3 scrolls of identify
 t - 2 scrolls of teleportation
 z - 3 scrolls of blinking
 D - a scroll of summoning
 F - 8 scrolls of magic mapping
 Q - a scroll of enchant armour
 R - 3 scrolls of silence
 T - a scroll of vulnerability
Potions
 d - 6 potions of might
 f - 2 potions of magic
 h - 4 potions of haste
 j - 2 potions of flight
 k - 2 potions of lignification
 n - 3 potions of brilliance
 q - 9 potions of curing
 s - a potion of agility
 u - a potion of invisibility
 E - a potion of mutation
 L - a potion of berserk rage {unknown}
 X - a potion of cancellation {unknown}
Miscellaneous
 a - a sack of spiders
Comestibles
 e - 9 rations


   Skills:
 + Level 15.4 Fighting
 + Level 19.1 Axes
 + Level 15.4 Armour
 + Level 12.6 Dodging
 - Level 8.3 Shields
 + Level 9.6 Evocations


You had 15 spell levels left.
You didn't know any spells.
Your spell library was empty.

Dungeon Overview and Level Annotations

Branches:
Dungeon (12/15)            Temple (0/1) D:7            Lair (6/6) D:10
 Shoals (0/4) Lair:3        Snake (4/4) Lair:3        Slime (0/5) Lair:5
    Orc (2/2) D:12            Elf (0/3) Orc:2        Bailey (visited)
Gauntlet (visited)

Altars:
Ashenzari
Cheibriados
Elyvilon
Gozag
Hepliaklqana
Kikubaaqudgha
Makhleb
Trog
Uskayaw
Vehumet
Xom
Beogh
Jiyva

Shops:
D:10 [:=[   Orc:2 [%}?*=(   Snake:4 [(

Annotations:
D:10 2 runed translucent doors, exclusion: 2 doors
Lair:6 exclusion: 2 oklob plants


Innate Abilities, Weirdness & Mutations

You reflexively headbutt those who attack you in melee.
You have a pair of horns on your head.
You have very sharp teeth.
Your body sometimes deteriorates upon taking damage.
Your spells are a little harder to cast, but a little more powerful.
Your movements are slightly less encumbered by armour. (ER -2)


Message History

You hear a shout! x4
The nagaraja casts a spell at you. The poison arrow hits you!
You are more poisoned.
You partially resist.
* * * LOW HITPOINT WARNING * * *
There is a lethal amount of poison in your body!
You closely miss the nagaraja. Your headbutt misses the nagaraja.
The nagaraja is almost dead.
* * * LOW HITPOINT WARNING * * *
You feel sick.
The nagaraja hits you but does no damage.
The nagaraja grabs you. The nagaraja constricts you.
The nagaraja gestures at you while chanting.
The poison arrow hits you!
You are more poisoned.
You partially resist.
* * * LOW HITPOINT WARNING * * *
You die...
Your body crumbles into a pile of gold.

#......# #
#......# ..
###......## ...
.......... ....
#........#
.....#........#
#....N°.......
#@...^.# #$.....#
#......# #......#
#$.....#
######......##
###....$........
......#...#....#
......#........#.


You could see a nagaraja.

Vanquished Creatures
  Vashnia (Snake:2)
  Donald (Snake:1)
  6 nagarajas
  An orc warlord (Orc:2)
  2 entropy weavers (Lair:5)
  A minotaur (Gauntlet)
  Josephine (Orc:2)
  5 hydras
  7 naga warriors
  Erolcha (Orc:1)
  2 two-headed ogres
  12 anacondas
  A queen ant (Lair:5)
  5 death yaks (Lair:6)
  3 orc high priests (Orc:2)
  2 shock serpents (Snake:2)
  8 naga sharpshooters
  6 naga ritualists
  7 skeletal warriors
  3 salamander mystics
  A lindwurm (Lair:4)
  4 hornets
  4 orc knights (Orc:2)
  8 mana vipers
  A deep elf mage (D:12)
  5 orc sorcerers (Orc:2)
  A manticore (D:12)
  13 salamanders
  A centaur zombie (D:10)
  6 elephants (Lair:5)
  A cyclops (Orc:2)
  12 spiny frogs
  Joseph (D:8)
  A guardian serpent (Lair:3)
  28 black mambas
  8 naga magi
  4 rime drakes
  4 komodo dragons
  3 minotaur zombies (Gauntlet)
  An ancient zyme (Abyss:3)
  3 trolls
  4 slime creatures (D:12)
  A merfolk (D:9)
  6 polar bears
  3 dream sheep (Lair:6)
  8 hippogriffs
  4 shadows
  A vampire (D:11)
  12 spriggans (Lair:6)
  4 fire bats (Abyss:3)
  3 wraiths (Orc:2)
  32 yaks
  A hungry ghost (D:7)
  A basilisk (Lair:6)
  3 wargs (Orc:2)
  3 swamp worms (Gauntlet)
  3 vampire mosquitoes
  2 acid dragons (Gauntlet)
  31 nagas
  13 water moccasins
  22 soldier ants
  6 porcupines
  19 orc warriors
  3 phantoms
  A sky beast (D:3)
  2 ice beasts (D:11)
  2 black bears (Lair:6)
  2 necrophages
  7 ogres
  4 boggarts (Lair:6)
  27 wolves
  10 crocodiles
  A centaur (D:7)
  11 bullfrogs
  3 big kobolds
  8 gnoll sergeants (Bailey)
  A scorpion (D:6)
  12 killer bees
  13 wights
  6 howler monkeys
  A quasit (D:9)
  2 bullfrog zombies
  3 crimson imps
  8 lava snakes (Snake:2)
  8 hounds
  A jelly (D:7)
  17 orc priests
  3 centaur skeletons
  6 gnoll shamans (Bailey)
  21 orc wizards
  3 bullfrog skeletons
  2 iguanas
  31 worker ants
  A killer bee zombie (D:10)
  A hound skeleton (D:6)
  A mummy (D:10)
  A howler monkey zombie (D:6)
  3 worker ant zombies
  25 gnolls
  19 adders
  A shadow imp (D:8)
  An ooze (D:2)
  2 adder skeletons
  A worm (D:2)
  A dart slug (D:4)
  3 leopard geckos
  48 orcs
  5 bats
  7 giant cockroaches
  8 goblins
  8 hobgoblins
  11 jackals
  6 quokkas
  3 ball pythons
  9 frilled lizards
  A jackal skeleton (D:6)
  23 kobolds
  A leopard gecko skeleton (D:4)
  A quokka zombie (D:8)
  7 rats
  A butterfly (Lair:5)
  2 fungi
  4 plants
791 creatures vanquished.

Vanquished Creatures (collateral kills)
  2 spiny frogs (Lair:3)
  A basilisk (Lair:3)
  4 adders (Lair:3)
  A plant (Lair:3)
8 creatures vanquished.

Vanquished Creatures (others)
  A naga (Snake:4)
  10 fungi (Lair:5)
  11 plants
22 creatures vanquished.

Grand Total: 821 creatures vanquished

Notes
Turn   | Place    | Note
-------+----------+-------------------------------------------
     0 | D:1      | Flugslaktarn the Minotaur Fighter began the quest for the
                  | Orb.
     0 | D:1      | Reached XP level 1. HP: 19/19 MP: 0/0
    33 | D:1      | Found a shattered altar of Ashenzari.
    44 | D:1      | Reached XP level 2. HP: 21/27 MP: 1/1
   287 | D:1      | Reached skill level 3 in Axes
   525 | D:2      | Reached XP level 3. HP: 19/33 MP: 2/2
   612 | D:2      | Reached XP level 4. HP: 30/40 MP: 3/3
   646 | D:2      | Reached skill level 4 in Axes
  1022 | D:3      | Noticed a sky beast
  1229 | D:3      | Reached XP level 5. HP: 25/47 MP: 4/4
  1453 | D:3      | Killed a sky beast
  1453 | D:3      | Reached skill level 5 in Axes
  1453 | D:3      | Reached XP level 6. HP: 29/55 MP: 5/5
  1614 | D:3      | Reached skill level 5 in Shields
  1688 | D:3      | Found an ancient bone altar of Kikubaaqudgha.
  1702 | D:3      | Reached skill level 5 in Armour
  1707 | D:3      | Noticed a human
  1880 | D:4      | Reached skill level 5 in Fighting
  2554 | D:4      | Found a shimmering altar of Xom.
  2580 | D:4      | Became a worshipper of Xom of Chaos
  2653 | D:5      | Entered Level 5 of the Dungeon
  2686 | D:5      | XOM: harmless Pois miscast
  2692 | D:5      | Reached skill level 6 in Axes
  2779 | D:5      | XOM: harmless Hex miscast
  2781 | D:5      | Reached XP level 7. HP: 58/61 MP: 6/6
  2830 | D:5      | Found a radiant altar of Vehumet.
  2842 | D:5      | XOM: potion effect (brilliance)
  3080 | D:5      | XOM: divination: magic mapping
  3109 | D:5      | XOM: harmless Hex miscast
  3403 | D:6      | Found a white marble altar of Elyvilon.
  3408 | D:6      | Reached skill level 7 in Axes
  3427 | D:6      | Reached XP level 8. HP: 48/70 MP: 7/7
  3690 | D:6      | Found a bloodstained altar of Trog.
  3819 | D:6      | XOM: cloud trail
  3833 | D:6      | XOM: potion effect (might)
  3843 | D:6      | Reached skill level 8 in Axes
  3848 | D:6      | XOM: harmless Tloc miscast
  3885 | D:6      | Found a hazy altar of Hepliaklqana.
  4117 | D:6      | Found a hide-covered altar of Uskayaw.
  4284 | D:7      | XOM is BORED!
  4284 | D:7      | XOM: medium Pois miscast
  4306 | D:7      | XOM: divination: magic mapping
  4359 | D:7      | XOM: potion effect (might)
  4385 | D:7      | XOM: harmless Ice miscast
  4460 | D:7      | Found an opulent altar of Gozag.
  4467 | D:7      | Reached skill level 9 in Axes
  4483 | D:7      | Reached XP level 9. HP: 34/79 MP: 8/8
  4484 | D:7      | Fell from the grace of Xom
  4484 | D:7      | Became a worshipper of Gozag Ym Sagoz the Greedy
  4741 | D:7      | Found a staircase to the Ecumenical Temple.
  4766 | D:7      | XOM: torment (41/79 hp)
  5464 | D:8      | XOM: torment (41/79 hp)
  5668 | D:8      | Reached skill level 10 in Axes
  5835 | D:8      | Noticed Joseph
  5862 | D:8      | Killed Joseph
  6221 | D:8      | XOM: summons 1 hostile demon
  6222 | D:8      | Noticed an orange demon
  6363 | D:9      | XOM: give mutations
  6363 | D:9      | Gained mutation: You have very sharp teeth. [Xom's
                  | mischief]
  6363 | D:9      | Gained mutation: You are clumsy. (Dex -2) [Xom's mischief]
  6373 | D:9      | Reached skill level 1 in Dodging
  6462 | D:9      | Reached skill level 11 in Axes
  6521 | D:9      | Noticed a troll
  6529 | D:9      | Reached XP level 10. HP: 90/90 MP: 9/9
  6755 | D:9      | Found a burning altar of Makhleb.
  6800 | D:9      | Found a hazy altar of Hepliaklqana.
  7159 | D:9      | Reached skill level 12 in Axes
  7205 | D:9      | XOM: severe Hex miscast
  7210 | D:9      | Noticed a two-headed ogre
  7225 | D:9      | Killed a two-headed ogre
  7548 | D:9      | Found the +10 zealot's sword {holy, *Rage rN+ EV+3}
  7585 | D:10     | Entered Level 10 of the Dungeon
  7593 | D:10     | Reached XP level 11. HP: 73/99 MP: 10/10
  7839 | D:10     | Found a staircase to the Lair.
  8025 | D:10     | Reached skill level 5 in Dodging
  8036 | D:10     | Reached skill level 10 in Fighting
  8036 | D:10     | Reached skill level 10 in Armour
  8047 | D:10     | Reached skill level 13 in Axes
  8084 | D:10     | Cast into level 3 of the Abyss (Xom)
  8085 | Abyss:3  | Found a corrupted altar of Lugonu.
  8174 | Abyss:3  | Noticed a spatial maelstrom
  8234 | D:10     | Escaped the Abyss
  8340 | D:10     | Found Peilineth's Armour Boutique.
  8368 | D:10     | Bought a +0 pair of boots for 67 gold pieces
  8589 | D:10     | XOM: give mutations
  8589 | D:10     | Gained mutation: Armour fits poorly on your strangely
                  | shaped body. [Xom's mischief]
  8589 | D:10     | Gained mutation: Scrolls take you a little longer to read.
                  | [Xom's mischief]
  8589 | D:10     | Gained mutation: Your magical capacity is low. (-10% MP)
                  | [Xom's mischief]
  8621 | D:10     | Found a large runed translucent door.
  8622 | D:10     | Found a large runed translucent door.
  8680 | D:10     | Found Zibbiph's Jewellery Emporium.
  8696 | D:10     | Bought an uncursed ring of poison resistance for 220 gold
                  | pieces
  8703 | D:10     | Bought a +3 ring of evasion for 231 gold pieces
  8703 | D:10     | Bought an uncursed ring of protection from magic for 275
                  | gold pieces
  8725 | D:10     | Found Kouxtoex's Book Emporium.
  8810 | D:10     | Noticed a two-headed ogre
  8824 | D:10     | Killed a two-headed ogre
  9022 | D:10     | Got a vibrating steel ring
  9148 | D:10     | Found Alaraeth's Antique Armour Shop.
  9221 | D:10     | Noticed an orc sorcerer
  9265 | Lair:1   | Entered Level 1 of the Lair of Beasts
  9334 | Lair:1   | XOM: mild Air miscast
  9430 | Lair:1   | XOM: mild Hex miscast
  9510 | Lair:1   | Noticed a six-headed hydra
  9532 | Lair:1   | Killed a nine-headed hydra
  9535 | Lair:1   | Reached skill level 1 in Evocations
  9810 | Lair:1   | Lost mutation: Scrolls take you a little longer to read.
                  | [potion of mutation]
  9810 | Lair:1   | Lost mutation: You are clumsy. (Dex -2) [potion of
                  | mutation]
  9810 | Lair:1   | Gained mutation: Your muscles are strong. (Str +2) [potion
                  | of mutation]
  9810 | Lair:1   | Gained mutation: Your muscles are very strong. (Str +4)
                  | [potion of mutation]
  9810 | Lair:1   | Gained mutation: Your system is resistant to poisons.
                  | (rPois) [potion of mutation]
  9837 | Lair:1   | Identified the ring of Nifi {Wiz MP-9 Str+9 Int+3 Dex-4}
                  | (You found it on level 10 of the Dungeon)
  9959 | Lair:1   | Got a heavily runed platinum amulet
 10069 | Lair:1   | Identified the amulet "Barphukh" {Gourm rC++ Str+3} (You
                  | found it on level 1 of the Lair of Beasts)
 10297 | Lair:2   | XOM: summons 4 hostile demons
 10370 | Lair:2   | XOM: medium Tmut miscast
 10428 | Lair:2   | XOM: severe Summ miscast
 10563 | Lair:2   | XOM: medium Fire miscast
 10709 | Lair:2   | Reached skill level 14 in Axes
 11261 | Lair:2   | XOM: severe Tloc miscast
 11553 | Lair:3   | Reached XP level 12. HP: 80/108 MP: 2/11
 11815 | Lair:3   | XOM: noise
 11949 | Lair:3   | Found a staircase to the Shoals.
 11991 | Lair:3   | Found a staircase to the Snake Pit.
 12079 | Lair:3   | Noticed a five-headed hydra
 12085 | Lair:3   | You fall into a shaft and drop 2 floors!
 12128 | Lair:5   | XOM: mild Ice miscast
 12298 | Lair:5   | XOM: noise
 12366 | Lair:5   | Reached skill level 15 in Axes
 12664 | Lair:5   | Noticed an entropy weaver
 12673 | Lair:5   | Killed an entropy weaver
 12848 | Lair:5   | XOM: 1-stop teleportation journey
 12871 | Lair:5   | Noticed an entropy weaver
 12917 | Lair:5   | XOM: 3-stop teleportation journey
 13277 | Lair:5   | XOM: give mutations
 13277 | Lair:5   | Gained mutation: You are dopey. (Int -2) [Xom's mischief]
 13277 | Lair:5   | Gained mutation: Scrolls take you a little longer to read.
                  | [Xom's mischief]
 13277 | Lair:5   | Lost mutation: Armour fits poorly on your strangely shaped
                  | body. [Xom's mischief]
 13370 | Lair:5   | Killed an entropy weaver
 13600 | Lair:5   | Reached XP level 13. HP: 102/117 MP: 4/13
 13659 | Lair:5   | XOM: summons 1 hostile demon
 13861 | Lair:5   | XOM: give mutation
 13861 | Lair:5   | Lost mutation: Your muscles are very strong. (Str +4)
                  | [Xom's mischief]
 13930 | Lair:5   | Found a staircase to the Slime Pits.
 13938 | Lair:5   | Found a viscous altar of Jiyva.
 14390 | Lair:4   | XOM: severe Conj miscast
 14427 | Lair:4   | Reached skill level 16 in Axes
 14447 | Lair:4   | Found a gate leading to a gauntlet.
 14452 | Lair:4   | Reached skill level 5 in Evocations
 14460 | Gauntlet | Entered a Gauntlet
 14460 | Gauntlet | Found a transporter.
 14460 | Gauntlet | Found a transporter.
 14461 | Gauntlet | Lost mutation: You are dopey. (Int -2) [potion of mutation]
 14461 | Gauntlet | Lost mutation: Your system is resistant to poisons. (rPois)
                  | [potion of mutation]
 14461 | Gauntlet | Gained mutation: Your magical capacity is very low. (-20%
                  | MP) [potion of mutation]
 14461 | Gauntlet | Gained mutation: You are surrounded by a mild repulsion
                  | field. (EV +2) [potion of mutation]
 14462 | Gauntlet | Lost mutation: You are surrounded by a mild repulsion
                  | field. (EV +2) [potion of mutation]
 14462 | Gauntlet | Lost mutation: Scrolls take you a little longer to read.
                  | [potion of mutation]
 14462 | Gauntlet | Lost mutation: Your magical capacity is very low. (-20% MP)
                  | [potion of mutation]
 14462 | Gauntlet | Gained mutation: You are clumsy. (Dex -2) [potion of
                  | mutation]
 14462 | Gauntlet | Gained mutation: Your spells are a little harder to cast,
                  | but a little more powerful. [potion of mutation]
 14462 | Gauntlet | Gained mutation: Your movements are slightly less
                  | encumbered by armour. (ER -2) [potion of mutation]
 14534 | Gauntlet | XOM: give mutations
 14534 | Gauntlet | Gained mutation: Your body sometimes deteriorates upon
                  | taking damage. [Xom's mischief]
 14534 | Gauntlet | Lost mutation: You are clumsy. (Dex -2) [Xom's mischief]
 14534 | Gauntlet | Lost mutation: Your muscles are strong. (Str +2) [Xom's
                  | mischief]
 14534 | Gauntlet | Lost mutation: Your magical capacity is low. (-10% MP)
                  | [Xom's mischief]
 14534 | Gauntlet | Was forgiven by Xom
 14595 | Gauntlet | Found a transporter.
 14598 | Gauntlet | Found a transporter.
 14606 | Gauntlet | Found a transporter.
 14610 | Gauntlet | Found a transporter.
 14621 | Gauntlet | Found a transporter.
 14634 | Gauntlet | Found a transporter.
 14648 | Gauntlet | Found a transporter.
 14652 | Gauntlet | Found a transporter.
 14663 | Gauntlet | Found a transporter.
 14664 | Gauntlet | Found a transporter.
 14976 | Gauntlet | Got a flickering copper ring
 14986 | Gauntlet | Identified the ring "Tueng" {rElec rC- AC+5 Slay+2} (You
                  | found it in a Gauntlet)
 14998 | Gauntlet | Noticed a minotaur
 15005 | Gauntlet | Killed a minotaur
 15058 | Gauntlet | Identified the Incunabulum of Nocuous Dark Magic
 16264 | Lair:6   | Entered Level 6 of the Lair of Beasts
 16874 | Lair:6   | Reached XP level 14. HP: 89/127 MP: 8/17
 17058 | Lair:6   | Reached skill level 17 in Axes
 18870 | D:12     | Found a staircase to the Orcish Mines.
 18874 | D:12     | Reached skill level 10 in Dodging
 18978 | D:12     | Found a flagged portal.
 18987 | Bailey   | Entered a bailey
 19782 | Orc:1    | Entered Level 1 of the Orcish Mines
 19835 | Orc:1    | Noticed Erolcha
 19843 | Orc:1    | Killed Erolcha
 19951 | Orc:2    | Entered Level 2 of the Orcish Mines
 19957 | Orc:2    | Noticed an orc warlord
 19981 | Orc:2    | Killed an orc warlord
 20181 | Orc:2    | Found a roughly hewn altar of Beogh.
 20392 | Orc:2    | Found Sowar's Magic Scroll Shoppe.
 20405 | Orc:2    | Noticed Josephine
 20428 | Orc:2    | Killed Josephine
 20434 | Orc:2    | Reached skill level 18 in Axes
 20437 | Orc:2    | Found Ofilarum's Food Boutique.
 20725 | Orc:2    | Found Yxit's Armour Boutique.
 20727 | Orc:2    | Found Xauceedy's Gadget Shoppe.
 20733 | Orc:2    | Bought the -2 hat of the Alchemist {rElec rPois rF+ rC+ rN+
                  | MR+ rMut rCorr} for 613 gold pieces
 20733 | Orc:2    | Found the -2 hat of the Alchemist {rElec rPois rF+ rC+ rN+
                  | MR+ rMut rCorr}
 20820 | Orc:2    | Found a staircase to the Elven Halls.
 20962 | Orc:2    | Bought the +8 frozen axe "Frostbite" {freezing cloud,
                  | *Noise +Fly rC+} for 2329 gold pieces
 20962 | Orc:2    | Found the +8 frozen axe "Frostbite" {freezing cloud, *Noise
                  | +Fly rC+}
 21126 | Snake:1  | Entered Level 1 of the Snake Pit
 21129 | Snake:1  | Noticed Donald
 21135 | Snake:1  | Killed Donald
 21253 | Snake:2  | Noticed a nagaraja
 21258 | Snake:2  | Reached XP level 15. HP: 114/137 MP: 10/19
 21270 | Snake:2  | Killed a nagaraja
 21843 | Snake:2  | Noticed Vashnia
 22250 | Snake:2  | HP: 1/139 [Vashnia/bolt (12)]
 22264 | Snake:2  | Killed Vashnia
 22291 | Snake:2  | HP: 4/139 [naga sharpshooter/arrow[Vashnia] (17)]
 22297 | Snake:2  | HP: 4/139 [poisoned by a naga sharpshooter (splash of
                  | poison)]
 22303 | Snake:2  | HP: 5/139 [poisoned by a naga sharpshooter (splash of
                  | poison)]
 22309 | Snake:2  | HP: 5/139 [poisoned by a naga sharpshooter (splash of
                  | poison)]
 23445 | Snake:2  | Found a hazy altar of Hepliaklqana.
 23748 | Snake:3  | Noticed a nagaraja
 23750 | Snake:3  | Killed a nagaraja
 23796 | Snake:3  | Reached skill level 15 in Fighting
 23796 | Snake:3  | Reached skill level 15 in Armour
 23796 | Snake:3  | Reached XP level 16. HP: 90/149 MP: 12/21
 23807 | Snake:4  | Entered Level 4 of the Snake Pit
 23807 | Snake:4  | Found Ecih's Antique Weapon Boutique.
 23807 | Snake:4  | Found a snail-covered altar of Cheibriados.
 23982 | Snake:4  | Found Reismy's Antique Armour Emporium.
 24629 | Snake:4  | Reached skill level 19 in Axes
 24879 | Snake:4  | HP: 2/149 [nagaraja/poison arrow (8)]
 24879 | Snake:4  | Slain by a nagaraja

Levels and vault maps discovered:
D:1:      saegor_arrival_under_anarchy, layout_loops_ring,
          evilmike_ruin_ashenzari
D:2:      layout_rooms, first_ration, minmay_pentomino_t4
D:3:      lemuel_castle_with_subvaults [lemuel_castle_interior_carwin_1],
          layout_rooms, old_standard_altar, tgw_sif,
          minmay_misc_feat_four_crosses, hangedman_decor_diamond_cutter,
          tgw_kikubaaqudgha
D:4:      layout_basic, lemuel_coloured_pillars_altar,
          wad_floor_pattern_untrapped
D:5:      layout_loops_cross, fiery_altar_vehumet
D:6:      layout_loops_cross, lemuel_crystal_altar, marbit_many_paths,
          kennysheep_mini_moat, basic_altar
D:7:      layout_cave_pools, lemuel_round_altar, minmay_temple_entry_large_hall
D:8:      layout_basic, uniq_joseph
D:9:      layout_basic, lemuel_round_altar, overflow_temple_1_default,
          hangedman_fish_farm
D:10:     layout_cave_pools, dpeg_oklobed_lair, serial_shops, shop,
          nicolae_shop_statue_plus, kennysheep_mini, shop, serial_undead,
          serial_undead_a, serial_undead_b, serial_undead_b, serial_undead_a,
          chequers_serial_rivers_room_b, grunt_ministairs_14,
          jmf_multi_god_temple2
D:11:     layout_irregular_city, kennysheep_generic_room_4
D:12:     layout_irregular_city, orc_david_3, portal_ice_cave_entry_pillars_1,
          enter_bailey_8
Lair:1:   layout_regular_city, serial_bayou_shore_a
Lair:2:   layout_loops_ring
Lair:3:   minmay_lair_venomous_thicket, layout_cave_shapes,
          elwin_shoals_entry_rocks, minmay_snake_entry_spellcaster,
          serial_bayou_shore_b, grunt_megastairs_3, infiniplex_staircase_pool
Lair:4:   layout_misc_corridors, gauntlet_entry_generic, st_stairs_12,
          grunt_megastairs_2
Lair:5:   layout_regular_city, slime_altar_1, zaba_anthell, lemuel_fruit_fields
Lair:6:   minmay_lair_end_enchanted_forest, layout_regular_city,
          minmay_lair_oklob_chamber
Snake:1:  layout_basic, uniq_aizul, uniq_donald
Snake:2:  layout_misc_corridors, basic_altar, hangedman_snake_wide_pillar_pass,
          nicolae_snake_squiggles, st_stairs_13, nicolae_snake_lava_pool,
          uniq_vashnia
Snake:3:  layout_chambers, serial_bayou_lake_a, uniq_nikola
Snake:4:  minmay_snake_end_coiled, layout_cave_town, basic_altar, serial_shops,
          shop, nicolae_shop_statue_plus, shop_statue, shop
Orc:1:    layout_diamond_mine, uniq_erolcha
Orc:2:    st_orc_elflike, layout_caves, david_defended_altar_orc, uniq_josephine

Skill      XL: |  1  2  3  4  5  6  7  8  9 10 11 12 13 14 15 16 |
---------------+-------------------------------------------------+-----
Axes           | 3 4 5 6 7 9 11 12 14 15 16 18 19 | 19.1
Shields        | 4 5 6 7 8 |  8.3
Armour         | 4 5 6 7 8 9 10 11 12 13 15 | 15.4
Fighting       | 4 5 6 7 8 9 10 11 12 13 15 | 15.4
Dodging        | 1 4 6 8 9 10 12 | 12.6
Evocations     | 2 4 6 7 9 |  9.6

Action                   |  1- 3 |  4- 6 |  7- 9 | 10-12 | 13-15 | 16-18 || total
-------------------------+-------+-------+-------+-------+-------+-------++-------
Melee: War axe           |    85 |   140 |    79 |   385 |   681 |       ||  1370
       Headbutt          |     4 |    24 |    49 |   124 |   201 |    26 ||   428
       Hand axe          |       |       |   149 |       |       |       ||   149
       Battleaxe         |       |       |    39 |   119 |       |       ||   158
       Bite              |       |       |     3 |    61 |   102 |    17 ||   183
       Executioner's axe |       |       |       |       |   186 |    96 ||   282
Invok: Call Merchant     |       |       |       |       |     3 |       ||     3
       Potion Petition   |       |       |       |       |     1 |       ||     1
Evoke: Wand              |       |       |       |    13 |    18 |       ||    31
  Use: Scroll            |       |       |    10 |     8 |    13 |       ||    31
       Potion            |       |       |       |     2 |    13 |       ||    15
 Stab: Distracted        |       |       |     2 |     2 |     8 |     1 ||    13
  Eat: Chunk             |       |     4 |     6 |     2 |       |       ||    12
       Ration            |       |     1 |     2 |     6 |    10 |       ||    19
Armor: Scale mail        |    47 |    39 |       |       |       |       ||    86
       Plate armour      |       |    13 |   102 |   190 |   193 |       ||   498
       Crystal plate arm |       |       |       |       |   194 |    78 ||   272
Dodge: Dodged            |    31 |    56 |    79 |   208 |   316 |    57 ||   747
Block: Shield            |    52 |    67 |   105 |   216 |   356 |       ||   796
